 Dungeon Crawl Stone Soup version 0.28-a0-1235-g7c8fac35f0 (webtiles) character file.

Game seed: 1535773062717216292

65 ChaosChampion the Insei (level 4, 0/28 HPs)
             Began as an Octopode Transmuter on Dec 25, 2021.
             Succumbed to an adder's poison
             ... on level 3 of the Dungeon.
             The game lasted 00:01:33 (1713 turns).

ChaosChampion the Insei (Octopode Transmuter)       Turns: 1713, Time: 00:01:33

Health: 0/28       AC:  2    Str:  9    XL:     4   Next: 13%
Magic:  2/7        EV: 19    Int: 17    God:
Gold:   90         SH:  0    Dex: 17    Spells: 1/7 levels left

rFire   . . .      SeeInvis .     - Unarmed
rCold   . . .      Faith    .   (shield currently unavailable)
rNeg    . . .      Spirit   .   (helmet currently unavailable)
rPois   x          Reflect  .   (no amulet)
rElec   .          Harm     .   (no ring)
rCorr   .          Rampage  .   (no ring)
Will    .....                   (no ring)
Stlth   ++........              (no ring)
HPRegen 0.09/turn               (no ring)
MPRegen 0.10/turn               (no ring)
                                (no ring)
                                (no ring)

@: lethally poisoned (0 -> -14), spider-form (expiring), wereblooded
A: venomous fangs, almost no armour, (amphibious), 8 rings, tiny, (camouflage
1), (gelatinous body 1), (nimble swimmer 1), (tentacles)
a: End Transformation


You were on level 3 of the Dungeon.
You were a venomous arachnid creature.
You visited 1 branch of the dungeon, and saw 3 of its levels.

You collected 90 gold pieces.

Inventory:

Scrolls
 b - 2 scrolls of immolation {unknown}
 d - a scroll of identify {unknown}
 f - a scroll of teleportation {unknown}
Potions
 a - a potion of might {unknown}
 c - a potion of curing {unknown}
 e - a potion of heal wounds {unknown}
 g - a potion of attraction {unknown}


   Skills:
 - Level 1.0 Fighting
 - Level 2.0 Dodging
 * Level 4.3 Unarmed Combat
 - Level 2.0 Spellcasting
 + Level 2.9 Transmutations


You had one spell level left.
You knew the following spells:

 Your Spells              Type           Power      Damage    Failure   Level
a - Beastly Appendage     Tmut           22%        N/A       17%         1
b - Wereblood             Tmut           11%        N/A       22%         2
c - Spider Form           Tmut/Pois      6%         N/A       54%         3

Your spell library contained the following spells:

 Spells                   Type           Power      Damage    Failure   Level
 Ice Form                 Ice/Tmut       6%         N/A       87%         4


Dungeon Overview and Level Annotations

Branches:
Dungeon (3/15)

Altars:
Ashenzari


Innate Abilities, Weirdness & Mutations

You are a venomous arachnid creature.
You have poisonous fangs.
You are tiny and dextrous.
Your spellcasting is less reliable in this form.
Your armour is entirely melded.
You are incapable of wielding weapons or throwing items.
You cannot wear most types of armour.
((You are amphibious.))
You can wear up to eight rings at the same time.
((Your skin changes colour to match your surroundings (Stealth+).))
((Your rubbery body absorbs attacks. (AC +1, EV +1)))
((You are camouflaged when in or above water. (Stealth+)))
((You have tentacles for arms and can constrict up to eight enemies at once.))


Message History

The stone completely misses you.
You hit the adder.
You feel a bit better.
You kill the adder!
The goblin shoots a stone.
The stone hits you but does no damage.
You have reached level 4!
You bite the goblin!
You feel a bit better.
You kill the goblin!
Found an escape hatch in the floor.
The goblin unwields a +0 hunting sling.
The goblin wields a +0 club.
The goblin hits you with a +0 club. The adder completely misses you.
You hit the adder.
The adder is lightly wounded.
Your transformation is almost over.
The adder closely misses you. The goblin hits you with a +0 club.
You are too injured to fight recklessly!
You hit the adder.
The adder is heavily wounded.
The adder bites you.
You are poisoned.
The adder poisons you! The goblin barely misses you.
The adder completely misses you. x2
You closely miss the adder.
The adder is heavily wounded.
* * * LOW HITPOINT WARNING * * *
You feel sick. The adder misses you. The goblin hits you with a +0 club.
* * * LOW HITPOINT WARNING * * *
The adder bites you.
* * * LOW HITPOINT WARNING * * *
You are more poisoned.
The adder poisons you!
You hit the adder.
The adder is almost dead.
* * * LOW HITPOINT WARNING * * *
You feel very sick. The adder bites you.
* * * LOW HITPOINT WARNING * * *
The adder misses you. The goblin misses you.
You bite the adder!
You feel a bit better.
You kill the adder!
You die...

#............#
#...........# ...
####...........# #....
...............# .#....
.# ##.<........###.....>
)# #...................
.# #............)#..###.
####............S.......
.....).........#sg#..##
#####....##....##†......
# ##..######.......... #
...... .>......... #
#.....## ######.....
....)....# ..... ....#.
..# .... .... ..## ....


You could see an adder and a goblin.

Vanquished Creatures
  4 adders
  4 ball pythons
  2 endoplasms
  A giant cockroach (D:2)
  6 goblins
  2 hobgoblins
  4 jackals
  A quokka (D:3)
  3 frilled lizards
  4 kobolds
  6 rats (D:2)
37 creatures vanquished.

Notes
Turn   | Place    | Note
-------+----------+-------------------------------------------
     0 | D:1      | ChaosChampion the Octopode Transmuter began the quest for
                  | the Orb.
     0 | D:1      | Reached XP level 1. HP: 13/13 MP: 3/3
   193 | D:1      | Reached XP level 2. HP: 18/18 MP: 5/5
   706 | D:2      | Found a faded altar of an unknown god.
   721 | D:2      | Reached XP level 3. HP: 10/23 MP: 6/6
   914 | D:2      | Learned a level 2 spell: Wereblood
   918 | D:2      | Learned a level 3 spell: Spider Form
  1062 | D:2      | Found a broken altar of Ashenzari.
  1285 | D:2      | Reached skill level 4 in Unarmed Combat
  1707 | D:3      | Reached XP level 4. HP: 16/28 MP: 1/7
  1712 | D:3      | HP: 1/28 [adder (1)]
  1713 | D:3      | Succumbed to an adder's poison

Illustrated notes

Levels and vault maps discovered:
D:1:      erik_arrival_blinker_ship, layout_rooms
D:2:      layout_basic, basic_altar, hellmonk_ecumenical_altar_dog_temple
D:3:      layout_rooms

Skill      XL: |  1  2  3 |
---------------+----------+-----
Unarmed Combat | 4 |  4.3
Fighting       | |  1.0
Dodging        | |  2.0
Spellcasting   | |  2.0
Transmutations | |  2.9

Action                   |  1- 3 |  4- 6 || total
-------------------------+-------+-------++-------
Melee: Unarmed           |    88 |     6 ||    94
       Tentacles         |    17 |       ||    17
       Constrict         |    17 |       ||    17
       Punch             |     1 |       ||     1
 Cast: Beastly Appendage |     3 |       ||     3
       Wereblood         |     3 |       ||     3
       Spider Form       |     2 |       ||     2
 Stab: Sleeping          |     8 |       ||     8
Armor: Skin              |     5 |       ||     5
Dodge: Dodged            |    52 |     8 ||    60

Table legend: (Time is in decaauts)
 A = Elapsed time spent in this place.
 B = Non-inter-level travel time spent in this place.
 C = Inter-level travel time spent in this place.
 D = Time resting spent in this place.
 E = Time spent auto-exploring this place.
 F = Levels seen in this place.
 G = Mean time per level.
                   A        B        C        D        E       F      G
               +--------+--------+--------+--------+--------+-----+--------+
         Total |   1706 |   1658 |     48 |      7 |   1385 |   3 |  568.7 |
       Dungeon |   1706 |   1658 |     48 |      7 |   1385 |   3 |  568.7 |
               +--------+--------+--------+--------+--------+-----+--------+

Top non-repeatable levels by time:
     D:2: 975 daAuts
     D:1: 582 daAuts
     D:3: 148 daAuts
